 Dungeon Crawl Stone Soup version 0.18.1-50-g88ac8fd (console) character file.

475 Kloppie the Spear-Bearer (level 7, -3/87 HPs)
             Began as a Merfolk Berserker on Oct 12, 2016.
             Was a Priest of Trog.
             Slain by ayyllmao's ghost (11 damage)
             ... on level 6 of the Dungeon.
             The game lasted 00:05:34 (4870 turns).

Kloppie the Spear-Bearer (Merfolk Berserker)        Turns: 4870, Time: 00:05:35

Health: -3/87      AC:  5    Str: 23    XL:     7   Next: 10%
Magic:  7/7        EV: 13    Int:  6    God:    Trog [***...]
Gold:   238        SH:  0    Dex: 15    Spells: 0 memorised, 6 levels left

rFire  . . .     SeeInvis .     a - +0 spear
rCold  . . .     Gourm    +     j - +0 leather armour
rNeg   . . .     Faith    .     (no shield)
rPois  .         Spirit   .     (no helmet)
rElec  .         Dismiss  .     (no cloak)
rCorr  .         Reflect  .     (no gloves)
SustAt .         Harm     .     s - +1 pair of boots
MR     ++...                    m - amulet of the gourmand
Stlth  ..........               (no ring)
                                y - ring of flight

@: berserking (expiring), regenerating, very quick, very resistant to hostile
enchantments, extremely unstealthy
A: change form in water, swift swim
a: Berserk, Trog's Hand, Burn Spellbooks, Renounce Religion, Evoke Flight


You were on level 6 of the Dungeon.
You worshipped Trog.
Trog was most pleased with you.
You were not hungry.

You visited 1 branch of the dungeon, and saw 6 of its levels.

You collected 286 gold pieces.
You spent 48 gold pieces at shops.

Inventory:

Hand Weapons
 a - a +0 spear (weapon)
Armour
 j - a +0 leather armour (worn)
 s - a +1 pair of boots (worn)
Jewellery
 m - an amulet of the gourmand (around neck)
 y - a ring of flight (left hand)
Wands
 o - a wand of flame (17/48)
 q - a wand of digging (7/24)
 v - a wand of flame (16/48)
Scrolls
 b - 2 scrolls of noise
 e - a scroll of teleportation {unknown}
 f - 3 scrolls of remove curse
 h - a scroll of random uselessness {unknown}
 k - a scroll of immolation {unknown}
 n - 2 scrolls of recharging {unknown}
 r - a scroll of fear {unknown}
 x - a scroll of magic mapping {unknown}
Potions
 g - a potion of agility
 i - a potion of berserk rage
 l - a potion of haste
 p - 6 potions of curing
 t - 2 potions of heal wounds
 u - 2 potions of invisibility
 w - a potion of lignification
Comestibles
 c - 6 bread rations
 d - 2 beef jerkies


   Skills:
 + Level 6.3 Fighting
 + Level 8.2 Polearms
 - Level 2.1 Armour
 - Level 2.6 Dodging


You had 6 spell levels left.
You didn't know any spells.

Dungeon Overview and Level Annotations

Branches:
Dungeon (6/15)             Temple (0/1) D:4

Altars:
Ashenzari
Fedhas
Gozag
Pakellas
Yredelemnul

Shops:
D:4 ?

Annotations:
D:6 ayyllmao's ghost, novice FoFi


Message History

You hit ayyllmao's ghost but do no damage.
Ayyllmao's ghost is almost destroyed.
The jackal closely misses you. Ayyllmao's ghost misses you.
You barely miss ayyllmao's ghost.
Ayyllmao's ghost is almost destroyed.
The jackal barely misses you. The jackal bites you.
* * * LOW HITPOINT WARNING * * *
You barely miss ayyllmao's ghost.
Ayyllmao's ghost is almost destroyed.
Ayyllmao's ghost whispers, "Meet the emptiness of death!"
Ayyllmao's ghost hits you!
* * * LOW HITPOINT WARNING * * *
The jackal bites you but does no damage.
You hit ayyllmao's ghost.
Ayyllmao's ghost is almost destroyed.
The jackal barely misses you.
You barely miss ayyllmao's ghost.
Ayyllmao's ghost is almost destroyed.
The jackal barely misses you. Ayyllmao's ghost hits you!
You die...

#...?...# #...#
###...## ####......#
###.....###.#
###.......## #.#
###......S...# .#
########...#...hhW..##
.
#..##....###....@....#
#
......#####..........##
....### #.....<.....#
....# #...........##
....## #............#
.....# ##...........#
.....## #..........##
......# ##........##
......# #.......##


You could see ayyllmao's ghost, an adder and 2 jackals.

Vanquished Creatures
  An ogre (D:5)
  A giant frog (D:6)
  A crimson imp (D:5)
  A centaur skeleton (D:5)
  3 worker ants
  11 gnolls (D:3)
  2 adders
  An ooze (D:1)
  A dart slug (D:3)
  2 worms
  A giant gecko (D:1)
  An orc (D:3)
  2 giant cockroaches
  6 goblins
  8 hobgoblins
  7 jackals (D:3)
  3 kobolds (D:2)
  2 quokkas
  A ball python (D:3)
  5 bats
  9 giant newts
  2 rats
71 creatures vanquished.

Notes
Turn   | Place    | Note
--------------------------------------------------------------
     0 | D:1      | Kloppie the Merfolk Berserker began the quest for the Orb.
     0 | D:1      | Reached XP level 1. HP: 18/18 MP: 1/1
   152 | D:1      | Reached XP level 2. HP: 24/24 MP: 2/2
   284 | D:1      | Reached skill level 5 in Polearms
   797 | D:2      | Reached XP level 3. HP: 19/30 MP: 3/3
  1211 | D:2      | Reached ** piety under Trog
  1224 | D:2      | Found a blossoming altar of Fedhas.
  1228 | D:2      | Found a shattered altar of Ashenzari.
  1282 | D:2      | Found a basalt altar of Yredelemnul.
  1736 | D:3      | Reached XP level 4. HP: 38/38 MP: 4/4
  2020 | D:3      | Reached XP level 5. HP: 29/43 MP: 5/5
  2059 | D:3      | Reached skill level 6 in Polearms
  2102 | D:3      | Reached skill level 5 in Fighting
  2492 | D:3      | Reached *** piety under Trog
  2851 | D:4      | Found Katzawic's Magic Scroll Emporium.
  2859 | D:4      | Bought a scroll of identify for 24 gold pieces
  2859 | D:4      | Bought a scroll of identify for 24 gold pieces
  2868 | D:4      | Found a staircase to the Ecumenical Temple.
  3343 | D:4      | Found an opulent altar of Gozag.
  3437 | D:4      | Reached skill level 7 in Polearms
  3437 | D:4      | Reached XP level 6. HP: 48/51 MP: 6/6
  3768 | D:5      | Entered Level 5 of the Dungeon
  3991 | D:5      | Found an oddly glowing altar of Pakellas.
  4766 | D:6      | Reached skill level 8 in Polearms
  4766 | D:6      | Reached XP level 7. HP: 32/58 MP: 7/7
  4843 | D:6      | Noticed ayyllmao's ghost (novice FoFi)
  4870 | D:6      | Slain by ayyllmao's ghost

Skill      XL: |  1  2  3  4  5  6 |
---------------+-------------------+-----
Polearms       | 5 7 8 |  8.2
Fighting       | 4 5 6 |  6.3
Armour         | 2 |  2.1
Dodging        | |  2.6

Action                   |  1- 3 |  4- 6 |  7- 9 || total
-------------------------+-------+-------+-------++-------
Melee: Spear             |   139 |   186 |    17 ||   342
Invok: Berserk           |     2 |     3 |     1 ||     6
       Trog's Hand       |       |     1 |     1 ||     2
  Use: Scroll            |       |    10 |       ||    10
 Stab: Sleeping          |     1 |     1 |       ||     2
       Distracted        |       |     1 |       ||     1
  Eat: Chunk             |     1 |    10 |       ||    11
       Bread ration      |     1 |       |       ||     1
       Meat ration       |       |     1 |       ||     1
Armor: Animal skin       |     6 |       |       ||     6
       Leather armour    |     8 |    21 |     4 ||    33
Dodge: Dodged            |    61 |    67 |    16 ||   144
